AoeStats
← dark_paladin999

Four Lakes

508775670Analyzed
1v1 RM · 9d ago on Sep 24, 2026· 28m 1s· 2 players
Game mode
Random Map
Map size
Tiny (2 player)
Population
200
Speed
Normal
Resources
Standard
Victory
Conquest
Starting age
Dark Age
Ending age
Imperial Age
RankedLock teamsTeams togetherTeam positionsShared explorationLock speedFull tech treeHidden civsTurbo modeCheats
Victory
Defeat
🇨🇦 Bohemians · Canada
652
+33
🇺🇸 Saxons · United States
632
-15
Rogan
6:23 Loom
11:17 Feudal Age
12:29 Double-Bit Axe
14:33 Fishing Lines
15:49 Forging
15:40 Scale Mail Armor
16:08 Fletching
16:53 Bloodlines
16:07 Man-at-Arms
16:53 Horse Collar
19:31 Scale Barding Armor
19:48 Arson
21:28 Padded Archer Armor
23:44 Castle Age
25:04 Husbandry
25:52 Iron Casting
25:39 Chain Barding Armor
25:54 Chain Mail Armor
25:36 Bodkin Arrow
25:55 Gold Mining
27:08 Wheelbarrow
27:18 Stone Mining
27:03 Long Swordsman
27:29 Gambesons
dark_paladin999
12:38 Feudal Age
13:17 Fishing Lines
16:32 Double-Bit Axe
20:13 Castle Age
Connection lost

Rejoining the realm…

Still unreachable

The connection could not be restored.

Session expired

The server has moved on; the page needs a fresh start.